 Dungeon Crawl Stone Soup version 0.21-a0-504-g2eda330 (webtiles) character file.

5550 Madydog the Spear-Bearer (level 10, 0/88 HPs)
             Began as a Minotaur Berserker on Nov 25, 2017.
             Was a High Priest of Trog.
             Killed from afar by an electric eel (5 damage)
             ... with a bolt of electricity
             ... on level 8 of the Dungeon.
             The game lasted 00:22:14 (6768 turns).

Madydog the Spear-Bearer (Minotaur Berserker)       Turns: 6768, Time: 00:22:14

Health: 0/88       AC: 20    Str: 25    XL:     10   Next: 44%
Magic:  9/9        EV:  4    Int:  4    God:    Trog [*****.]
Gold:   361        SH: 13    Dex: 15    Spells: 9/9 levels left

rFire    + . .     SeeInvis .   U - +6 trident of the Unliving {flame, rC- MR++ Dex+5}
rCold    x x .     Gourm    .   O - +0 large shield
rNeg     . . .     Faith    .   x - +0 plate armour
rPois    .         Spirit   .   (helmet restricted)
rElec    .         Reflect  .   z - +0 cloak
rCorr    .         Harm     .   N - +0 pair of gloves
MR       ++...                  P - +1 pair of boots
Stlth    ..........             (no amulet)
HPRegen  0.24/turn              t - +2 ring of protection
MPRegen  0.11/turn              I - ring of fire

@: no status effects
A: retaliatory headbutt, horns 2
a: Berserk, Trog's Hand, Brothers in Arms, Burn Spellbooks, Renounce Religion


You were on level 8 of the Dungeon.
You worshipped Trog.
Trog was extremely pleased with you.
You were very hungry.

You visited 1 branch of the dungeon, and saw 8 of its levels.

You collected 361 gold pieces.

Inventory:

Hand Weapons
 a - a +0 falchion
 j - a +2 halberd of protection
 D - a +1 rapier of electrocution
 L - a +2 whip of flaming
 U - the +6 trident of the Unliving (weapon) {flame, rC- MR++ Dex+5}
   (You took it off an orc on level 8 of the Dungeon)

   It has been specially enchanted to burn those struck by it, causing extra
   injury to most foes and up to half again as much damage against particularly
   susceptible opponents.
   It affects your dexterity (+5).
   It makes you vulnerable to cold.
   It affects your resistance to hostile enchantments.
Armour
 b - a +0 animal skin
 q - a +0 scale mail
 x - a +0 plate armour (worn)
 z - a +0 cloak (worn)
 E - a +0 shield
 N - a +0 pair of gloves (worn)
 O - a +0 large shield (worn)
 P - a +1 pair of boots (worn)
Jewellery
 t - a +2 ring of protection (left hand)
 A - an uncursed ring of resist corrosion
 B - a +3 ring of evasion {unknown}
 I - a ring of fire (right hand)
 T - an uncursed amulet of the gourmand {unknown}
Wands
 s - a wand of random effects (37)
 K - a wand of flame (14)
 M - a wand of disintegration (12)
 Q - a wand of polymorph (17)
Scrolls
 d - 5 scrolls of blinking
 g - 6 scrolls of remove curse
 k - 3 scrolls of magic mapping
 n - 4 scrolls of amnesia
 o - 3 scrolls of fear
 p - 3 scrolls of immolation
 y - a scroll of noise {unknown}
 C - a scroll of fog
 F - a scroll of holy word {unknown}
 R - 2 scrolls of teleportation {unknown}
Potions
 e - a potion of invisibility {unknown}
 f - 2 potions of brilliance {unknown}
 h - 3 potions of haste
 i - a potion of might {unknown}
 m - a potion of degeneration {unknown}
 r - 2 potions of curing {unknown}
 u - a potion of magic {unknown}
 v - a potion of resistance {unknown}
 G - 2 potions of heal wounds
 J - 3 potions of mutation {unknown}
Comestibles
 c - 6 bread rations
 l - 6 royal jellies
 w - 5 meat rations
 H - 4 fruits


   Skills:
 + Level 8.2 Fighting
 - Level 5.1 Long Blades
 - Level 14.0 Polearms
 + Level 7.1 Armour
 * Level 4.2 Dodging
 - Level 0.5 Stealth
 * Level 0.7 Shields


You had 9 spell levels left.
You didn't know any spells.

Dungeon Overview and Level Annotations

Branches:
Dungeon (8/15)             Temple (0/1) D:5
   Lair: D:8-11

Altars:
Ashenzari
Cheibriados
Fedhas
Kikubaaqudgha
Nemelex Xobeh
Okawaru
Ru
Uskayaw
Vehumet
Wu Jian
Xom
Yredelemnul
Zin
The Shining One


Innate Abilities, Weirdness & Mutations

You reflexively headbutt those who attack you in melee.
You have a pair of horns on your head.


Message History

You are too injured to fight recklessly!
You are too injured to fight recklessly!
You are too injured to fight recklessly!
The electric eel shoots out a bolt of lightning at you!
The bolt of electricity hits you!
The electric eel shoots out a bolt of lightning at you!
The bolt of electricity hits you!
* * * LOW HITPOINT WARNING * * *
The electric eel shoots out a bolt of lightning at you!
The bolt of electricity hits you!
* * * LOW HITPOINT WARNING * * *
The electric eel shoots out a bolt of lightning at you!
The bolt of electricity hits you!
* * * LOW HITPOINT WARNING * * *
The electric eel shoots out a bolt of lightning at you!
The bolt of electricity hits you!
* * * LOW HITPOINT WARNING * * *
The electric eel shoots out a bolt of lightning at you!
The bolt of electricity hits you!
You die...

....... ####.#### #####..
..........# #.. ..........# #..
≈..≈≈≈....## ##..
≈≈≈≈≈≈≈≈≈....# #...
≈≈≈≈≈≈≈≈≈≈...####### #.#.
...≈≈≈≈............### #.#.
..≈.≈≈≈≈≈.....@......# #...
.............#####.#.# #...
..≈≈≈≈≈≈≈;...# #.#.# #...
≈≈≈.≈≈≈≈≈≈...# #.#.# #...
≈≈≈≈≈≈≈≈≈....# ##>#.#######...
≈≈≈≈≈.≈≈.....####..............
≈≈≈≈≈..≈.≈%..##................
≈≈≈..≈.......##.####...######.#
≈≈...........##.# #...######.#


You could see an electric eel.

Vanquished Creatures
  A two-headed ogre (D:8)
  An unseen horror (D:8)
  Pikel (D:7)
  A troll (D:8)
  Eustachio (D:6)
  Duvessa (D:7)
  A water moccasin (D:3)
  A sky beast (D:8)
  A slave (D:7)
  4 orc warriors
  A phantom (D:5)
  A wolf (D:8)
  2 centaurs
  3 ogres
  2 gnoll sergeants (D:6)
  5 bullfrogs
  Dowan (D:7)
  4 scorpions
  A wight (D:6)
  3 howler monkeys (D:7)
  An electric eel (D:8)
  6 crimson imps
  6 orc priests
  A centaur zombie (D:7)
  8 hounds
  7 orc wizards
  A bullfrog skeleton (D:5)
  2 iguanas
  Natasha (thrice) (D:2)
  5 worker ants
  8 adders
  16 gnolls
  4 shadow imps
  2 adder skeletons
  3 worms
  A dart slug (D:1)
  A leopard gecko (D:7)
  18 orcs
  6 goblins
  8 hobgoblins
  7 jackals
  3 quokkas
  2 ball pythons
  5 bats
  A frilled lizard (D:4)
  3 kobolds (D:2)
  6 rats
170 creatures vanquished.

Vanquished Creatures (others)
  A fungus (D:8)
1 creature vanquished.

Grand Total: 171 creatures vanquished

Notes
Turn   | Place    | Note
-------+----------+-------------------------------------------
     0 | D:1      | Madydog the Minotaur Berserker began the quest for the Orb.
     0 | D:1      | Reached XP level 1. HP: 19/19 MP: 0/0
   353 | D:1      | Reached XP level 2. HP: 24/27 MP: 1/1
   569 | D:2      | Found a glowing silver altar of Zin.
   807 | D:2      | Reached XP level 3. HP: 33/33 MP: 2/2
   914 | D:2      | Noticed Natasha
   917 | D:2      | Killed Natasha
   941 | D:2      | Found a sacrificial altar of Ru.
   945 | D:2      | Reached ** piety under Trog
   945 | D:2      | Reached XP level 4. HP: 41/41 MP: 3/3
  1044 | D:2      | Noticed Natasha
  1058 | D:2      | Killed Natasha
  1058 | D:2      | Reached skill level 5 in Long Blades
  1061 | D:2      | HP: 1/61 [gnoll (6)]
  1061 | D:2      | Reached XP level 5. HP: 1/47 MP: 4/4
  1062 | D:2      | Reached skill level 5 in Fighting
  1190 | D:2      | Noticed Natasha
  1366 | D:2      | Killed Natasha
  1366 | D:2      | Reached skill level 1 in Polearms
  1645 | D:3      | Reached skill level 2 in Polearms
  1672 | D:3      | Found a sparkling altar of Nemelex Xobeh.
  1673 | D:3      | Noticed a water moccasin
  1678 | D:3      | Killed a water moccasin
  1678 | D:3      | Reached skill level 3 in Polearms
  1678 | D:3      | Reached XP level 6. HP: 39/56 MP: 5/5
  1923 | D:3      | Found a radiant altar of Vehumet.
  2110 | D:3      | Reached *** piety under Trog
  2110 | D:3      | Reached skill level 4 in Polearms
  2186 | D:4      | Reached skill level 5 in Polearms
  2190 | D:4      | Reached XP level 7. HP: 44/62 MP: 6/6
  2285 | D:4      | Found a basalt altar of Yredelemnul.
  2383 | D:4      | Found a shattered altar of Ashenzari.
  2383 | D:4      | Found a shimmering altar of Xom.
  2383 | D:4      | Found an ornate altar of the Wu Jian Council.
  2383 | D:4      | Found a hide-covered altar of Uskayaw.
  2405 | D:4      | Found a snail-covered altar of Cheibriados.
  2409 | D:4      | Found an ancient bone altar of Kikubaaqudgha.
  2562 | D:4      | Reached skill level 6 in Polearms
  2592 | D:4      | Found a glowing golden altar of the Shining One.
  3002 | D:5      | Entered Level 5 of the Dungeon
  3042 | D:5      | Reached skill level 7 in Polearms
  3304 | D:5      | Found a staircase to the Ecumenical Temple.
  3333 | D:5      | Reached **** piety under Trog
  3333 | D:5      | Reached XP level 8. HP: 61/70 MP: 7/7
  3408 | D:5      | Reached skill level 8 in Polearms
  3836 | D:6      | Reached skill level 9 in Polearms
  3839 | D:6      | Noticed Eustachio
  3882 | D:6      | Killed Eustachio
  4213 | D:6      | Reached skill level 10 in Polearms
  4576 | D:6      | Reached XP level 9. HP: 62/78 MP: 8/8
  4882 | D:7      | Noticed Pikel
  4899 | D:7      | Killed Pikel
  4899 | D:7      | Reached skill level 11 in Polearms
  4899 | D:7      | Reached skill level 5 in Armour
  4915 | D:7      | Found Cykheam's Weapon Boutique.
  5085 | D:7      | Reached ***** piety under Trog
  5095 | D:7      | Reached skill level 12 in Polearms
  5142 | D:7      | Noticed Duvessa
  5144 | D:7      | Noticed Dowan
  5155 | D:7      | Killed Duvessa
  5170 | D:7      | Killed Dowan
  5703 | D:8      | Noticed a two-headed ogre
  5713 | D:8      | Killed a two-headed ogre
  5713 | D:8      | Reached skill level 13 in Polearms
  5713 | D:8      | Reached XP level 10. HP: 45/88 MP: 9/9
  5908 | D:8      | Found a blossoming altar of Fedhas.
  5984 | D:8      | Killed an unseen horror
  6167 | D:8      | Reached skill level 14 in Polearms
  6184 | D:8      | Got an iridescent trident {flame}
  6244 | D:8      | Identified the +6 trident of the Unliving {flame, rC- MR++ Dex+5} (You took it off an orc on level 8 of the Dungeon)
  6270 | D:8      | Found an iron altar of Okawaru.
  6768 | D:8      | Killed from afar by an electric eel

Vault maps used:
D:1:      mainiacjoe_arrival_reflecting_pool, hangedman_decor_opposing
D:2:      old_standard_altar, nicolae_ru_great_annihilating_truth, uniq_natasha
D:3:      lemuel_crystal_altar, old_standard_altar, kennysheep_nondescript,
          serial_bayou_ford_a
D:4:      minmay_overflow_temple_hex, yredelemnul_altar_generic, tso_metal_star,
          first_bread, minmay_fountain_box
D:5:      minmay_temple_entry_enclosed_plants, grunt_ministairs_10,
          minmay_misc_feat_enclosed
D:6:      sword_in_stone
D:7:      serial_shops, shop, uniq_duvessa, uniq_pikel
D:8:      okawaru_metal_pillars_1_2, fedhas_altar_3, erik_lair_island

Skill      XL: |  1  2  3  4  5  6  7  8  9 10 |
---------------+-------------------------------+-----
Fighting       | 4 5 6 7 8 |  8.2
Long Blades    | 4 5 |  5.1
Dodging        | 3 4 |  4.2
Polearms       | 3 5 7 10 13 14 | 14.0
Armour         | 3 4 6 7 |  7.1
Stealth        | |  0.5
Shields        | |  0.7

Action                   |  1- 3 |  4- 6 |  7- 9 | 10-12 || total
-------------------------+-------+-------+-------+-------++-------
Melee: Falchion          |    40 |    15 |       |       ||    55
       Headbutt          |     6 |    12 |    51 |    11 ||    80
       Halberd           |       |    92 |   353 |    62 ||   507
       Trident           |       |       |       |    14 ||    14
Invok: Berserk           |       |     1 |     1 |       ||     2
       Burn Spellbooks   |       |       |     3 |       ||     3
  Use: Scroll            |       |       |    12 |     1 ||    13
 Stab: Paralysed         |       |     1 |       |       ||     1
       Distracted        |       |       |     1 |       ||     1
  Eat: Chunk             |       |     5 |    13 |     2 ||    20
Armor: Animal skin       |    11 |    18 |       |       ||    29
       Scale mail        |       |    10 |    25 |       ||    35
       Plate armour      |       |       |   123 |    74 ||   197
Dodge: Dodged            |    26 |    72 |   100 |    28 ||   226
Block: Large shield      |       |       |       |     8 ||     8
       Rpst.: Falchion   |     6 |     3 |       |       ||     9

Table legend:
 A = Spawn XP
 B = Non-spawn XP
 C = Spawn XP percentage of total XP
 D = Spawn monster count
 E = Non-spawn monster count
 F = Spawn count percentage of total count
 G = Total turns spent on level
                    A         B        C        D         E        F      G
               +---------+---------+-------+---------+---------+-------+---------
         Total |       0 |    7929 |   0.0 |       0 |     169 |   0.0 |  6768
               +---------+---------+-------+---------+---------+-------+---------
           D:1 |       0 |      16 |   0.0 |       0 |       8 |   0.0 |   569
           D:2 |       0 |     250 |   0.0 |       0 |      25 |   0.0 |   980
           D:3 |       0 |     288 |   0.0 |       0 |      25 |   0.0 |   590
           D:4 |       0 |     528 |   0.0 |       0 |      22 |   0.0 |   863
           D:5 |       0 |     671 |   0.0 |       0 |      16 |   0.0 |   786
           D:6 |       0 |    1094 |   0.0 |       0 |      16 |   0.0 |  1049
           D:7 |       0 |    1663 |   0.0 |       0 |      20 |   0.0 |   610
           D:8 |       0 |    3419 |   0.0 |       0 |      37 |   0.0 |  1321
               +---------+---------+-------+---------+---------+-------+---------
